 Dungeon Crawl Stone Soup version 0.29.0-4-gdea44cf6ec (webtiles) character file.

Game seed: 3774240631686450217

15 qw the Vexing (level 2, -1/27 HPs)
             Began as an Ogre Enchanter on Sept 4, 2022.
             Slain by a quokka (2 damage)
             ... on level 2 of the Dungeon.
             The game lasted 00:00:19 (846 turns).

qw the Vexing (Ogre Enchanter)                       Turns: 846, Time: 00:00:20

Health: -1/27      AC:  3    Str: 11    XL:     2   Next: 50%
Magic:  5/5        EV:  9    Int: 16    God:
Gold:   0          SH:  0    Dex:  9    Spells: 5/5 levels left

rFire   . . .      SeeInvis .   Y - +0 spear
rCold   . . .      Faith    .   (no shield)
rNeg    . . .      Spirit   .   b - +0 robe
rPois   .          Reflect  .   (helmet restricted)
rElec   .          Harm     .   (no cloak)
rCorr   .          Rampage  .   (gloves unavailable)
Will    .....                   (boots unavailable)
Stlth   ++........              (no amulet)
HPRegen 0.09/turn               (no ring)
MPRegen 0.09/turn               (no ring)

@: lethally poisoned (-1 -> -8)
A: large, unfitting armour, tough skin 1
a: no special abilities


You were on level 2 of the Dungeon.
You visited 1 branch of the dungeon, and saw 2 of its levels.


Innate Abilities, Weirdness & Mutations

You are too large for most types of armour.
You have tough skin. (AC +1)


   Skills:
 - Level 1.1 Fighting
 - Level 0.8 Short Blades
 + Level 1.8 Axes
 - Level 1.7 Dodging
 - Level 2.1 Stealth
 - Level 2.4 Spellcasting
 - Level 2.6 Hexes


You had 5 spell levels left.
You didn't know any spells.
Your spell library contained the following spells:

 Spells                   Type           Power      Damage    Failure   Level
 Ensorcelled Hibernation  Hex/Ice        12%        N/A       17%         2
 Confusing Touch          Hex            10%        N/A       21%         3
 Tukima's Dance           Hex            10%        N/A       21%         3
 Dazzling Flash           Conj/Hex       12%        N/A       34%         3

Inventory:

Hand Weapons
 Y - a +0 spear (weapon)
Armour
 b - a +0 robe (worn)
Potions
 c - 2 potions of invisibility
 e - a potion of heal wounds {unknown}

Dungeon Overview and Level Annotations

Branches:
Dungeon (2/15)

Altars:


Message History

The quokka bites you. The adder closely misses you.
The ball python bites you but does no damage.
The rat bites you. The quokka barely misses you.
You hit the adder.
The adder is almost dead.
The adder bites you. The ball python misses you. The quokka closely misses you.
The rat bites you but does no damage. The adder barely misses you.
You barely miss the adder.
The adder is almost dead.
The ball python barely misses you. The quokka bites you. The rat bites you.
The adder bites you but does no damage.
The ball python bites you but does no damage.
You closely miss the adder.
The adder is almost dead.
The quokka bites you but does no damage.
The adder bites you. The rat barely misses you.
The ball python bites you but does no damage.
The quokka closely misses you.
You barely miss the adder.
The adder is almost dead.
The adder closely misses you. The rat closely misses you.
The ball python bites you. The quokka barely misses you.
The adder barely misses you.
You miss the adder.
The adder is almost dead.
The ball python barely misses you. The rat barely misses you.
The quokka closely misses you. The adder barely misses you.
You hit the adder but do no damage.
The adder is almost dead.
The ball python bites you but does no damage.
The adder misses you. The quokka closely misses you. The rat bites you.
The ball python closely misses you.
You miss the adder.
The adder is almost dead.
The adder bites you.
You are lethally poisoned!
The adder poisons you! The quokka bites you.
The rat bites you but does no damage. The ball python barely misses you.
The adder bites you. The quokka bites you.
You die...

#......#
#......####
#####.........+
............#
............#
..........#
..........#
......rrS.#
.......@S.#
###########


You could see an adder, a quokka, a ball python and a rat.

Vanquished Creatures
  A dart slug (D:1)
  2 bats (D:1)
  An endoplasm (D:1)
  2 hobgoblins (D:1)
  3 ball pythons (D:1)
  A kobold (D:1)
  2 rats (D:1)
12 creatures vanquished.

Notes
Turn   | Place    | Note
-------+----------+-------------------------------------------
     0 | D:1      | qw the Ogre Enchanter began the quest for the Orb.
     0 | D:1      | Reached XP level 1. HP: 16/16 MP: 3/3
     0 | D:1      | 0 ||| qw: Version: 0.1-a-102-g441f92d
     0 | D:1      | 0 ||| qw: Game counter: 5344
     0 | D:1      | 0 ||| qw: Always use a shield: true
     0 | D:1      | 0 ||| qw: God list: Okawaru
     0 | D:1      | 0 ||| qw: Allow faded altars: false
     0 | D:1      | 0 ||| qw: Do Orc after D:15 true
     0 | D:1      | 0 ||| qw: Do second Lair branch before Depths: true
     0 | D:1      | 0 ||| qw: Lair rune preference: random
     0 | D:1      | 0 ||| qw: Plans: Normal
     0 | D:1      | 0 ||| PLANNING D:1-11
   149 | D:1      | 149 ||| Stepping ~*~*~tactically~*~*~ (hiding).
   283 | D:1      | 283 ||| Stepping ~*~*~tactically~*~*~ (hiding).
   295 | D:1      | Reached skill level 1 in Axes
   358 | D:1      | Reached XP level 2. HP: 22/26 MP: 5/5
   360 | D:1      | 360 ||| Stepping ~*~*~tactically~*~*~ (stealth).
   363 | D:1      | 363 ||| Stepping ~*~*~tactically~*~*~ (stealth).
   411 | D:1      | Reached skill level 1 in Fighting
   587 | D:1      | 587 ||| Stepping ~*~*~tactically~*~*~ (stealth).
   610 | D:1      | 610 ||| Stepping ~*~*~tactically~*~*~ (stealth).
   765 | D:1      | 765 ||| SWAPPING to +0 spear.
   766 | D:1      | 766 ||| DROPPING +1 dagger.
   767 | D:1      | 767 ||| DROPPING +0 short sword.
   825 | D:1      | You fall into a shaft and drop 1 floor!
   826 | D:2      | 826 ||| READING scroll labelled LEDDU PETOA.
   836 | D:2      | 836 ||| Stepping ~*~*~tactically~*~*~ (outnumbered).
   837 | D:2      | 837 ||| Stepping ~*~*~tactically~*~*~ (outnumbered).
   838 | D:2      | 838 ||| Stepping ~*~*~tactically~*~*~ (outnumbered).
   846 | D:2      | HP: 5/27 [adder (2)]
   846 | D:2      | HP: 1/27 [adder (2)]
   846 | D:2      | Slain by a quokka

Levels and vault maps discovered:
D:1:      co_arrival_random_square_maze, layout_loops_ring
D:2:      layout_rooms, ebering_ecumenical_altar_webs, serial_shops,
          nicolae_shop_hallway_plus, minmay_divided_ellipse

Skill      XL: |  1  2 |
---------------+-------+-----
Axes           | 1 |  1.8
Fighting       | 1 |  1.1
Short Blades   | |  0.8
Dodging        | |  1.7
Stealth        | |  2.1
Spellcasting   | |  2.4
Hexes          | |  2.6

Action                   || total
-------------------------++-------
Melee: Dagger            ||    59
       Spear             ||    20
  Use: Scroll            ||     1
Armor: Robe              ||    36
Dodge: Dodged            ||    45

Table legend:
 A = Non-vault XP
 B = Vault XP
 C = Vault XP percentage of total XP
 D = Non-vault monster count
 E = Vault monster count
 F = Vault count percentage of total count
                 A         B        C        D         E       F
            +---------+---------+-------+---------+---------+-------
      Total |      22 |       0 |   0.0 |      12 |       0 |   0.0
            +---------+---------+-------+---------+---------+-------
        D:1 |      22 |       0 |   0.0 |      12 |       0 |   0.0
            +---------+---------+-------+---------+---------+-------
